 Dungeon Crawl Stone Soup version 0.28.0-49-g6dfe1f597d (webtiles) character file.

Game seed: 10569277079902855263

2949 101zpm the Thaumaturge (level 10, 0/54 HPs)
             Began as a Djinni Fire Elementalist on May 15, 2022.
             Was a Follower of Hepliaklqana.
             Engulfed by a cloud of flame (5 damage)
             ... on level 7 of the Dungeon.
             The game lasted 00:18:55 (11295 turns).

101zpm the Thaumaturge (Djinni Fire Elementalist)  Turns: 11295, Time: 00:18:56

Health: 0/54       AC:  4    Str: 13    XL:     10   Next: 7%
Gold:   325        EV: 13    Int: 20    God:    Hepliaklqana [*.....] SH:  0 Dex: 15

rFire   + + .      SeeInvis .   (no weapon)
rCold   x . .      Faith    .   (no shield)
rNeg    + . .      Spirit   .   a - +0 robe
rPois   ∞          Reflect  .   (no helmet)
rElec   .          Harm     .   b - +0 cloak
rCorr   .          Rampage  .   t - +0 pair of gloves
Will    +....                   (boots unavailable)
Stlth   ++........              (no amulet)
HPRegen 0.18/turn               o - +6 ring of strength
MPRegen 0.00/turn               v - ring of positive energy

@: flying
A: reduced essence, sickness immunity, fire resistance 2, cold vulnerability 1,
float, innate caster, HP casting, extra vitality 1
a: Renounce Religion, Recall Ancestor, Ancestor Identity


You were on level 7 of the Dungeon.
You worshipped Hepliaklqana.
Hepliaklqana was aware of your devotion.
You visited 2 branches of the dungeon, and saw 8 of its levels.

You collected 325 gold pieces.

Inventory:

Missiles
 u - 7 boomerangs
Armour
 a - a +0 robe (worn)
 b - a +0 cloak (worn)
 t - a +0 pair of gloves (worn)
Jewellery
 i - a ring of ice
 o - a +6 ring of strength (left hand)
 v - a ring of positive energy (right hand)
Wands
 e - a wand of acid (29)
 x - a wand of iceblast (21)
Scrolls
 k - a scroll of magic mapping
 l - 3 scrolls of fog {unknown}
 m - 2 scrolls of enchant weapon {unknown}
 n - 7 scrolls of identify {unknown}
 p - a scroll of fear {unknown}
 q - a scroll of amnesia {unknown}
 r - 3 scrolls of blinking {unknown}
Potions
 c - a potion of brilliance
 d - 4 potions of curing {unknown}
 f - 2 potions of resistance {unknown}
 g - 4 potions of mutation {unknown}
 h - a potion of degeneration {unknown}
 j - 3 potions of heal wounds {unknown}
 s - a potion of might {unknown}
 w - a potion of flight {unknown}
 z - a potion of cancellation {unknown}


   Skills:
 + Level 0.5 Fighting
 + Level 3.0 Dodging
 + Level 3.5 Stealth
 + Level 10.1 Spellcasting


You had 6 spell levels left.
You knew the following spells:

 Your Spells              Type           Power      Damage    Failure   Level
a - Foxfire               Conj/Fire      100%       2x1d9     1%          1
b - Scorch                Fire           100%       2d10      1%          2
c - Conjure Flame         Conj/Fire      50%        6-21      1%          3
d - Inner Flame           Hex/Fire       50%        N/A       1%          3
e - Flame Wave            Conj/Fire      50%        2d10      1%          4
f - Apportation           Tloc           100%       N/A       1%          1
g - Blink                 Tloc           100%       N/A       1%          2
h - Spider Form           Tmut/Pois      50%        N/A       1%          3
i - Petrify               Tmut/Erth      50%        N/A       1%          4
Your spell library was empty.

Dungeon Overview and Level Annotations

Branches:
Dungeon (7/15)             Temple (1/1) D:6

Altars:
Ashenzari
Cheibriados
Dithmenos
Elyvilon
Fedhas
Gozag
Hepliaklqana
Kikubaaqudgha
Makhleb
Nemelex Xobeh
Okawaru
Qazlal
Ru
Sif Muna
Trog
Uskayaw
Wu Jian
Xom
Yredelemnul
Zin
The Shining One

Shops:
D:3 *


Innate Abilities, Weirdness & Mutations

Your life essence is reduced to manifest your ancestor. (-10% HP)
You are immune to sickness and miasma.
You are immune to poison.
Your flesh is very heat resistant. (rF++)
You are vulnerable to cold. (rC-)
You float through the air rather than walking.
You learn spells naturally, not from books.
Your magical power is your life essence.
You have superior vitality. (+4 MHP)


Message History

The iguana is heavily wounded.
Casting: Foxfire (safe; 1% risk of failure)
Press: ? - help, Q - select action, (/) - cycle Dir - look around, f - activate You conjure some foxfire!
The foxfire hits the iguana but does no damage.
The iguana is heavily wounded.
A killer bee zombie comes into view.
The foxfire hits the iguana!
Flame seeps out of the iguana.
The iguana is almost dead.
The foxfire hits the iguana but does no damage.
The iguana is almost dead.
Teicuih hits the iguana.
The iguana explodes!
Teicuih avoids your attack.
Casting: Foxfire (safe; 1% risk of failure)
Confirm with . or Enter, or press ? or * to list all spells.
Aiming: Inner Flame (safe; 1% risk of failure)
Press: ? - help, Dir - move target, f - killer bee zombie
Aim: a killer bee zombie (ally target, chance to affect: 97%)
The killer bee zombie is filled with an inner flame.
The foxfire hits the killer bee zombie.
Flame seeps out of the killer bee zombie.
The killer bee zombie is moderately damaged.
The killer bee zombie is engulfed in blazing flames.
Flame seeps out of the killer bee zombie.
The foxfire hits the killer bee zombie.
Flame seeps out of the killer bee zombie.
The killer bee zombie is severely damaged.
The killer bee zombie is engulfed in blazing flames.
Flame seeps out of the killer bee zombie.
Casting: Inner Flame (safe; 1% risk of failure)
Confirm with . or Enter, or press ? or * to list all spells.
Flames lash the killer bee zombie.
The killer bee zombie explodes!
The fiery explosion engulfs you! You resist.
* * * LOW HITPOINT WARNING * * *
You are engulfed in blazing flames.
You resist.
* * * LOW HITPOINT WARNING * * *
You are engulfed in blazing flames.
You resist.
You die...

.......
.......
..........#
..........
..........
#........#
#........##
.........@#
........§§#
.......<§R#
.........°#
......§§.....
......§.§###K#
......§§## #
?....#.##
.....#.


You could see the friendly Teicuih the ancestor.

Vanquished Creatures
  A two-headed ogre (D:6)
  Pikel (D:7)
  A troll (D:6)
  Sigmund (D:6)
  2 ice beasts
  An ogre (D:5)
  A centaur (D:7)
  A phantom (D:4)
  A kobold brigand (D:6)
  A scorpion (D:4)
  3 wights
  A jelly (D:6)
  A bullfrog zombie (D:6)
  A centaur zombie (D:6)
  4 hounds
  2 orc priests
  3 iguanas
  Ijyb (D:4)
  Natasha (thrice) (D:4)
  3 orc wizards
  A killer bee zombie (D:7)
  A hound skeleton (D:5)
  3 gnolls (D:2)
  9 adders
  2 white imps (D:5)
  An ufetubus (D:6)
  2 worms
  5 dart slugs
  19 orcs
  7 ball pythons
  5 endoplasms
  4 giant cockroaches
  7 goblins
  9 hobgoblins
  4 jackals (D:2)
  15 kobolds
  3 quokkas
  2 bats
  5 frilled lizards
  5 rats
142 creatures vanquished.

Vanquished Creatures (collateral kills)
  A centaur zombie (D:7)
  An iguana (D:7)
2 creatures vanquished.

Vanquished Creatures (others)
  An ancestor (D:6)
  526 foxfires
527 creatures vanquished.

Grand Total: 671 creatures vanquished

Notes
Turn   | Place    | Note
-------+----------+-------------------------------------------
     0 | D:1      | 101zpm the Djinni Fire Elementalist began the quest for the
                  | Orb.
     0 | D:1      | Reached XP level 1. HP: 15/15 MP: 0/0
   695 | D:2      | Reached XP level 2. HP: 16/21 MP: 0/0
   805 | D:2      | Reached skill level 3 in Spellcasting
   870 | D:2      | Reached XP level 3. HP: 19/25 MP: 0/0
   870 | D:2      | Learned a level 1 spell: Apportation
  1879 | D:2      | Reached XP level 4. HP: 26/31 MP: 0/0
  2322 | D:3      | Found a glowing drain.
  2813 | D:3      | Reached XP level 5. HP: 22/35 MP: 0/0
  2813 | D:3      | Learned a level 2 spell: Blink
  2977 | D:3      | Found Dumur's General Store.
  3275 | D:3      | Reached skill level 4 in Spellcasting
  3700 | D:4      | Noticed a phantom
  4283 | D:4      | Noticed Ijyb
  4288 | D:4      | Killed Ijyb
  4289 | D:4      | Reached XP level 6. HP: 17/40 MP: 0/0
  4312 | D:4      | Reached skill level 5 in Spellcasting
  4572 | D:4      | Reached XP level 7. HP: 25/46 MP: 0/0
  4572 | D:4      | Learned a level 3 spell: Spider Form
  4667 | D:4      | Noticed Natasha
  4671 | D:4      | Killed Natasha
  4810 | D:4      | Noticed Natasha
  4814 | D:4      | Killed Natasha
  5082 | D:5      | Entered Level 5 of the Dungeon
  5191 | D:6      | Found a staircase to the Ecumenical Temple.
  5211 | D:6      | Reached skill level 6 in Spellcasting
  5222 | Temple   | Entered the Ecumenical Temple
  5819 | Temple   | Became a worshipper of Hepliaklqana the Forgotten
  6194 | D:4      | Noticed Natasha
  6196 | D:4      | Killed Natasha
  6197 | D:4      | Reached XP level 8. HP: 32/51 MP: 0/0
  6864 | D:1      | Found a faded altar of an unknown god.
  8429 | D:6      | Reached * piety under Hepliaklqana
  8677 | D:6      | Reached skill level 7 in Spellcasting
  8725 | D:6      | Noticed a two-headed ogre
  8732 | D:6      | Killed a two-headed ogre
  8733 | D:6      | Reached skill level 8 in Spellcasting
  8733 | D:6      | Reached XP level 9. HP: 40/50 MP: 0/0
  8733 | D:6      | Learned a level 4 spell: Petrify
  8819 | D:6      | Noticed a troll
  8824 | D:6      | Killed a troll
  9025 | D:6      | Noticed Sigmund
  9029 | D:6      | Killed Sigmund
  9758 | D:7      | Noticed Pikel
  9786 | D:5      | Reached skill level 9 in Spellcasting
 11276 | D:7      | Killed Pikel
 11278 | D:7      | Reached XP level 10. HP: 35/54 MP: 0/0
 11288 | D:7      | Reached skill level 10 in Spellcasting
 11295 | D:7      | Engulfed by a cloud of flame

Illustrated notes

Levels and vault maps discovered:
D:1:      eino_arrival_cavern_b, layout_loops_ring, basic_ecumenical_altar
D:2:      layout_loops_ring
D:3:      layout_loops_corners, serial_shops, shop, gup_sewer_entry_glass,
          minmay_cut_off
D:4:      layout_rooms, minmay_between, uniq_ijyb, uniq_natasha
D:5:      layout_basic
D:6:      layout_basic, temple_statues, uniq_sigmund
D:7:      layout_rooms, fiery_altar_vehumet, uniq_pikel
Temple:   mainiacjoe_temple_circle_huts

Skill      XL: |  1  2  3  4  5  6  7  8  9 10 |
---------------+-------------------------------+-----
Spellcasting   | 3 4 5 6 8 9 10 | 10.1
Stealth        | 2 3 |  3.5
Dodging        | 3 |  3.0
Fighting       | |  0.5

Action                   |  1- 3 |  4- 6 |  7- 9 | 10-12 || total
-------------------------+-------+-------+-------+-------++-------
Melee: Unarmed           |       |       |     1 |       ||     1
 Cast: Foxfire           |    82 |    90 |   151 |     5 ||   328
       Scorch            |     2 |    24 |    32 |     2 ||    60
       Inner Flame       |       |     8 |    69 |     4 ||    81
       Blink             |       |       |     3 |       ||     3
  Use: Scroll            |       |     2 |       |       ||     2
       Potion            |       |     1 |       |       ||     1
Armor: Robe              |     1 |     6 |     5 |       ||    12
Dodge: Dodged            |     4 |     9 |    12 |       ||    25
